 Dungeon Crawl Stone Soup version 0.30.1-11-g7821555f0a (webtiles) character file.

Game seed: 8814328829741718343

1934 Glitchless the Cudgeller (level 9, 0/55 HPs)
             Began as a Gargoyle Berserker on Dec 9, 2023.
             Was an Elder of Trog.
             Killed by divine providence
             ... invoked by an orc priest
              (13 damage)
             ... on level 7 of the Dungeon.
             The game lasted 00:15:56 (4839 turns).

Glitchless the Cudgeller (Gargoyle Berserker)       Turns: 4839, Time: 00:15:59

Health: 0/55       AC: 12    Str: 25    XL:     9   Next: 17%
Magic:  9/9        EV: 12    Int:  8    God:    Trog [****..]
Gold:   1607       SH:  4    Dex: 12    Spells: 8/8 levels left

rFire   . . .        a - +0 mace
rCold   . . .        i - +0 buckler
rNeg    + . .        d - +1 leather armour
rPois   ∞            h - +0 helmet
rElec   +            (no cloak)
rCorr   .            (no gloves)
SInv    .            (no boots)
Will    +....        n - amulet of magic regeneration
Stlth   +            g - ring of Lucidity {*Corrode Fly Will+ Dex+3 Slay+4}
HPRegen 0.29/turn    u - +4 ring of slaying
MPRegen 0.51/turn

%: corrode self (3%)
@: flying
A: sickness immunity, AC +6, negative energy resistance 1, electricity
resistance, torment resistance 1, petrification resistance
a: Renounce Religion, Berserk, Trog's Hand, Brothers in Arms


You were on level 7 of the Dungeon.
You worshipped Trog.
Trog was greatly pleased with you.
You visited 1 branch of the dungeon, and saw 7 of its levels.

You collected 1607 gold pieces.

Inventory:

Hand Weapons
 a - a +0 mace (weapon)
 q - a +0 hand axe of venom
Missiles
 o - 2 javelins (quivered)
 y - 14 boomerangs of dispersal
Armour
 d - a +1 leather armour (worn)
 h - a +0 helmet (worn)
 i - a +0 buckler (worn)
Jewellery
 g - the ring of Lucidity (left hand) {*Corrode Fly Will+ Dex+3 Slay+4}
   (You found it on level 2 of the Dungeon)

   [ring of flight]

   Dex:       It affects your dexterity (+3).
   Slay:      It affects your accuracy & damage with ranged weapons and melee
   (+4).
   Fly:       It grants you flight.
   *Corrode:  It may corrode you when you take damage.
   Will:      It increases your willpower.
 n - an amulet of magic regeneration (around neck)
 u - a +4 ring of slaying (right hand)
Wands
 e - a wand of flame (10)
 s - a wand of digging (7)
Scrolls
 k - 4 scrolls of teleportation
 l - 2 scrolls of enchant armour
 p - a scroll of poison {unknown}
 w - 3 scrolls of fog
Potions
 b - 3 potions of flight
 c - a potion of heal wounds
 f - a potion of might
 j - a potion of resistance
 m - 3 potions of mutation {unknown}
 r - a potion of attraction {unknown}
 t - a potion of brilliance {unknown}
 v - a potion of berserk rage {unknown}
 x - a potion of curing


   Skills:
 * Level 6.1 Fighting
 * Level 3.0(5.4) Axes
 * Level 7.8(8.1) Maces & Flails
 * Level 0.1 Throwing
 * Level 4.4 Armour
 * Level 4.3 Dodging
 * Level 3.5 Shields


You had 8 spell levels left.
You didn't know any spells.
Your spell library contained the following spells:

 Spells                   Type           Power      Damage    Failure   Level
 Apportation              Tloc           0%         N/A       52%         1
 Blink                    Tloc           0%         N/A       65%         2
 Manifold Assault         Tloc           0%         N/A       99%         4
 Alistair's Intoxication  Tmut/Pois      0%         N/A       100%        5
 Storm Form               Tmut/Air       0%         N/A       100%        7


Dungeon Overview and Level Annotations

Branches:
Dungeon (7/15)             Temple (0/1) D:5

Altars:
Cheibriados
Ru
Sif Muna
Trog
Wu Jian
Yredelemnul


Innate Abilities, Weirdness & Mutations

You are immune to sickness and miasma.
Your stone body is resilient. (AC +6)
You are immune to poison.
You resist negative energy. (rN+)
You are resistant to electric shocks. (rElec)
You are resistant to unholy torment.
You are immune to petrification.


Message History

You closely miss the orc wizard.
The orc wizard hits you with a +0 dagger.
You hit the orc wizard.
The orc wizard is heavily wounded.
The orc wizard barely misses you.
You sock the orc wizard!
You kill the orc wizard!
Trog accepts your kill.
Trog appreciates your killing of a magic user.
Things that are here:
a +0 dagger; a +0 robe An orc comes into view.
It is wielding a +0 flail.
The orc shouts!
You hear a shout!
An orc warrior comes into view.
It is wielding a +1 flail of protection.
The orc warrior shouts!
You bludgeon the orc!!
You kill the orc!
Trog accepts your kill.
The orc priest mumbles some strange prayers to Beogh against you.
Beogh smites you!
A jelly comes into view.
Found a whip.
The orc priest hits you but does no damage.
You see here a +0 flail.
You barely miss the orc priest. The orc priest closely misses you.
You closely miss the orc priest. The orc priest closely misses you.
You hit the orc priest.
The orc priest is lightly wounded.
The orc priest calls down the wrath of Beogh upon you.
Beogh smites you!
The orc priest hits you with a +2 short sword of electrocution.
The orc warrior hits you with a +1 flail of protection!
You barely miss the orc priest.
The orc priest is lightly wounded.
The orc priest invokes the aid of Beogh against you.
Beogh smites you!
* * * LOW HITPOINT WARNING * * *
The orc priest mumbles some strange prayers to Beogh against you.
Beogh smites you!
You die...

.<.#............##..##'#######
...#..####......##..#...##...##
#..#.## #.......#...).♣.'..♣.>#
..... #...........#...##...##
..... .....#..#.....##.#######
.........###.##.....##.##
..................###...#
.......)............#.♣.#
............@...#...#
......<.oo..##>##
........Jo...###
##...?..........
#.)............
...#............
.#.###.......... #......)#..


You could see an orc warrior, a jelly and 2 orc priests.

Vanquished Creatures
  Sigmund (D:5)
  Eustachio (D:4)
  Duvessa (D:4)
  An ice beast (D:6)
  A centaur (D:5)
  3 phantoms
  A kobold brigand (D:6)
  A scorpion (D:5)
  Dowan (D:4)
  A gnoll bouda (D:5)
  2 jellies
  4 hounds
  2 orc priests
  3 sleepcaps
  Jessica (D:2)
  4 orc wizards
  Ijyb (D:5)
  Natasha (thrice) (D:4)
  3 iguanas
  8 adders
  9 gnolls (D:5)
  A white imp (D:7)
  2 ufetubi
  21 orcs
  7 ball pythons
  8 bats
  5 endoplasms
  4 giant cockroaches
  12 goblins
  7 hobgoblins
  3 jackals (D:2)
  9 kobolds
  5 quokkas
  3 frilled lizards
  7 rats
146 creatures vanquished.

Notes
Turn   | Place    | Note
-------+----------+-------------------------------------------
     0 | D:1      | Glitchless the Gargoyle Berserker began the quest for the
                  | Orb.
     0 | D:1      | Reached XP level 1. HP: 14/14 MP: 1/1
    42 | D:1      | Reached XP level 2. HP: 19/19 MP: 2/2
   419 | D:2      | Reached XP level 3. HP: 22/24 MP: 3/3
   450 | D:2      | Identified the ring of Lucidity {*Corrode Fly Will+ Dex+3
                  | Slay+4}
   595 | D:2      | Reached ** piety under Trog
   922 | D:2      | Noticed Jessica
   930 | D:2      | Killed Jessica
   931 | D:2      | Reached XP level 4. HP: 29/29 MP: 4/4
   939 | D:2      | Reached skill level 4 in Maces & Flails
  1742 | D:3      | Reached XP level 5. HP: 33/33 MP: 5/5
  1989 | D:3      | Identified a scroll of acquirement
  1989 | D:3      | Acquired 1174 gold pieces
  2032 | D:4      | Reached skill level 1 in Shields
  2070 | D:4      | Noticed a phantom
  2078 | D:4      | Noticed Natasha
  2088 | D:4      | Killed a phantom
  2089 | D:4      | Reached skill level 1 in Axes
  2089 | D:4      | Reached XP level 6. HP: 19/38 MP: 6/6
  2094 | D:4      | Killed Natasha
  2095 | D:4      | Reached *** piety under Trog
  2269 | D:4      | Reached skill level 5 in Maces & Flails
  2296 | D:4      | Noticed Natasha
  2309 | D:4      | Killed Natasha
  2337 | D:4      | Found an ornate altar of the Wu Jian Council.
  2371 | D:4      | Noticed Eustachio
  2371 | D:4      | Noticed Natasha
  2376 | D:4      | Killed Natasha
  2402 | D:4      | Killed Eustachio
  2403 | D:4      | Reached XP level 7. HP: 36/44 MP: 7/7
  2501 | D:4      | Found a sacrificial altar of Ru.
  2503 | D:4      | Noticed Duvessa
  2503 | D:4      | Noticed Dowan
  2520 | D:4      | Killed Duvessa
  2531 | D:4      | Killed Dowan
  2672 | D:4      | Found a shimmering blue altar of Sif Muna.
  2737 | D:5      | Entered Level 5 of the Dungeon
  2796 | D:5      | Identified the +5 ring mail "Egharhu" {rPois rF- Str+3
                  | Dex+3}
  3033 | D:5      | Reached skill level 5 in Fighting
  3175 | D:5      | Noticed Ijyb
  3182 | D:5      | Reached skill level 6 in Maces & Flails
  3182 | D:5      | Reached XP level 8. HP: 45/49 MP: 8/8
  3182 | D:5      | Paralysed by Ijyb for 2 turns
  3198 | D:5      | Killed Ijyb
  3217 | D:5      | Found a staircase to the Ecumenical Temple.
  3232 | D:5      | Noticed Sigmund
  3266 | D:5      | Killed Sigmund
  3329 | D:5      | You are sucked into a shaft and drop 1 floor!
  3331 | D:6      | Found a large runed translucent door.
  3332 | D:6      | Found a large runed translucent door.
  3362 | D:6      | Found a snail-covered altar of Cheibriados.
  4095 | D:6      | Reached skill level 7 in Maces & Flails
  4383 | D:6      | Reached **** piety under Trog
  4477 | D:6      | Reached XP level 9. HP: 55/55 MP: 9/9
  4625 | D:6      | Found a bloodstained altar of Trog.
  4630 | D:6      | Found a basalt altar of Yredelemnul.
  4839 | D:7      | Killed from afar by an orc priest

Illustrated notes

Levels and vault maps discovered:
D:1:      lightli_arrival_boilingwater, layout_basic
D:2:      layout_basic, minmay_misc_feat_five, uniq_jessica
D:3:      layout_basic
D:4:      layout_rooms, kennysheep_mini, mainiacjoe_overflow_small_starburst,
          pdpol_wu_jian_five_deadly_venoms, chequers_serial_rivers_small_b,
          grunt_ministairs_9, corexii_item_surrounded_by_moat, uniq_eustachio,
          uniq_duvessa, uniq_natasha
D:5:      layout_gridville, minmay_temple_entry_glassed_door,
          nicolae_zen_rock_garden, uniq_ijyb, uniq_sigmund
D:6:      layout_rooms, lemuel_round_altar, jmf_multi_god_temple2,
          minmay_unpleasant_kobolds
D:7:      layout_cave_pools, grunt_ministairs_5, nicolae_shop_firing_range

Skill      XL: |  1  2  3  4  5  6  7  8  9 |
---------------+----------------------------+-----
Dodging        | 2 3 4 |  4.3
Maces & Flails | 4 5 6 7 |  7.8
Fighting       | 4 5 6 |  6.1
Shields        | 1 2 3 |  3.5
Axes           | 1 2 3 |  3.0
Armour         | 3 4 |  4.4
Throwing       | |  0.1

Action                     |  1- 3 |  4- 6 |  7- 9 || total
---------------------------+-------+-------+-------++-------
  Melee: Mace              |    91 |   159 |   232 ||   482
 Invoke: Berserk           |       |     2 |     2 ||     4
         Trog's Hand       |       |     1 |     2 ||     3
    Use: Scroll            |     4 |     7 |     4 ||    15
         Potion            |       |     4 |       ||     4
   Stab: Sleeping          |       |       |     1 ||     1
 Armour: Animal skin       |     6 |       |       ||     6
         Leather armour    |    28 |   101 |    93 ||   222
  Dodge: Dodged            |    63 |   147 |   126 ||   336
  Block: Buckler           |       |    52 |    49 ||   101
